 Dungeon Crawl Stone Soup version 0.29.1-12-g30fa7ad0bf (webtiles) character file.

Game seed: 3445581173115700455

238 wormed the Ducker (level 6, -1/53 HPs)
             Began as a Gnoll Monk on Dec 28, 2022.
             Slain by a kobold
             ... wielding a +0 dagger
              (3 damage)
             ... in a sewer.
             The game lasted 00:04:57 (3205 turns).

wormed the Ducker (Gnoll Monk)                      Turns: 3205, Time: 00:04:57

Health: -1/53      AC:  3    Str: 10    XL:     6   Next: 7%
Magic:  8/8        EV: 15    Int:  9    God:
Gold:   289        SH:  0    Dex: 17    Spells: 8/8 levels left

rFire   . . .      SeeInvis .   a - +0 falchion
rCold   . . .      Faith    .   (no shield)
rNeg    . . .      Spirit   .   d - +0 leather armour
rPois   .          Reflect  .   (no helmet)
rElec   .          Harm     .   i - scarf {shadows}
rCorr   .          Rampage  .   (no gloves)
Will    .....                   (no boots)
Stlth   +++.......              (no amulet)
HPRegen 0.17/turn               (no ring)
MPRegen 0.11/turn               (no ring)

@: no status effects
A: fangs 1, strong nose, distributed training
a: no special abilities


You were in a sewer.
You visited 1 branch of the dungeon, and saw 4 of its levels.
You also visited: Sewer.

You collected 289 gold pieces.

Inventory:

Hand Weapons
 a - a +0 falchion (weapon)
Missiles
 m - 8 poisoned darts (quivered)
Armour
 d - a +0 leather armour (worn)
 i - a scarf of shadows (worn)
Wands
 l - a wand of flame (16)
Scrolls
 e - 5 scrolls of identify {unknown}
 g - a scroll of enchant weapon {unknown}
Potions
 b - a potion of haste {unknown}
 n - a potion of resistance {unknown}


   Skills:
 + Level 6.8 Fighting
 + Level 1.8 Short Blades
 + Level 6.8 Long Blades
 + Level 1.8 Axes
 + Level 1.8 Maces & Flails
 + Level 1.8 Polearms
 + Level 1.8 Staves
 + Level 1.8 Ranged Weapons
 + Level 1.8 Throwing
 + Level 1.8 Armour
 + Level 6.8 Dodging
 + Level 4.5 Stealth
 + Level 1.8 Shields
 + Level 1.8 Unarmed Combat
 + Level 1.8 Spellcasting
 + Level 1.4 Conjurations
 + Level 1.4 Hexes
 + Level 1.4 Summonings
 + Level 1.4 Necromancy
 + Level 1.4 Translocations
 + Level 1.4 Transmutations
 + Level 1.4 Fire Magic
 + Level 1.4 Ice Magic
 + Level 1.4 Air Magic
 + Level 1.4 Earth Magic
 + Level 1.4 Poison Magic
 + Level 2.0 Invocations
 + Level 1.8 Evocations


You had 8 spell levels left.
You didn't know any spells.
Your spell library contained the following spells:

 Spells                   Type           Power      Damage    Failure   Level
 Blink                    Tloc           6%         N/A       36%         2
 Summon Ice Beast         Ice/Summ       3%         N/A       94%         4
 Manifold Assault         Tloc           3%         N/A       100%        5
 Summon Mana Viper        Hex/Summ       3%         N/A       100%        5
 Monstrous Menagerie      Summ           1%         N/A       100%        7
 Storm Form               Tmut/Air       1%         N/A       100%        7


Dungeon Overview and Level Annotations

Branches:
Dungeon (4/15)              Sewer (1/1)
 Temple: D:4-7

Altars:

Shops:
D:2 =


Innate Abilities, Weirdness & Mutations

You have very sharp teeth.
Your uncanny sense of smell can sniff out nearby items.
Your experience applies equally to all skills.


Message History

The kobold barely misses you.
You barely miss the kobold brigand.
The kobold brigand is lightly wounded.
You feel sick. The kobold brigand barely misses you.
The kobold closely misses you.
You miss the kobold.
You feel sick.
The kobold brigand hits you with a +0 dagger.
The kobold hits you with a +0 club.
You slash the kobold!
You kill the kobold!
The kobold brigand closely misses you.
The kobold throws a stone.
The stone hits you but does no damage.
The kobold brigand attacks as you move away!
The kobold brigand hits you with a +0 dagger.
You enter the shallow water.
Moving in this stuff is going to be slow.
You feel sick.
Your unstable footing causes you to fumble your attack.
You feel less invigorated.
You feel less confused.
You feel sick.
The kobold brigand hits you with a +0 dagger!
* * * LOW HITPOINT WARNING * * *
You feel sick.
You are no longer poisoned.
The kobold brigand hits you with a +0 dagger.
* * * LOW HITPOINT WARNING * * *
The kobold splashes around in the water.
The kobold brigand closely misses you. The kobold brigand misses you.
You hit the kobold brigand.
The kobold brigand is lightly wounded.
The kobold throws a stone.
The stone misses you.
The kobold brigand hits you with a +0 dagger.
* * * LOW HITPOINT WARNING * * *
You closely miss the kobold brigand.
The kobold brigand is lightly wounded.
The kobold brigand hits you with a +0 dagger.
* * * LOW HITPOINT WARNING * * *
You hit the kobold but do no damage. The kobold hits you with a +0 dagger.
You die...

### #### #.##....
########.......
#####!...#.........
#.∩.#....).K@......
#.∩.#)∩?!))K~P~~...
#...#....#)~~~~~...
###'########~~#####
#≈~~~~~~~~~~~~~~~~~
#≈≈~≈≈≈≈≈~≈≈≈≈≈~≈≈≈
#≈~~~~~~~~~~~~~~~~~
#################~~
~~


You could see a kobold brigand and a kobold.

Vanquished Creatures
  An ogre (D:4)
  A gnoll (D:1)
  3 adders
  4 river rats (D:4)
  4 worms
  2 dart slugs
  3 ball pythons
  4 endoplasms
  2 giant cockroaches
  8 goblins
  4 hobgoblins
  5 jackals
  A quokka (D:3)
  5 bats
  3 frilled lizards
  10 kobolds
  9 rats
69 creatures vanquished.

Vanquished Creatures (others)
  A plant (Sewer)
1 creature vanquished.

Grand Total: 70 creatures vanquished

Notes
Turn   | Place    | Note
-------+----------+-------------------------------------------
     0 | D:1      | wormed the Gnoll Monk began the quest for the Orb.
     0 | D:1      | Reached XP level 1. HP: 23/23 MP: 1/1
   144 | D:1      | Reached XP level 2. HP: 29/29 MP: 2/2
   632 | D:1      | Reached XP level 3. HP: 35/35 MP: 3/3
   975 | D:2      | Reached skill level 1 in Invocations
  1187 | D:2      | Reached skill level 1 in Short Blades
  1187 | D:2      | Reached skill level 1 in Axes
  1187 | D:2      | Reached skill level 1 in Maces & Flails
  1187 | D:2      | Reached skill level 1 in Polearms
  1187 | D:2      | Reached skill level 1 in Staves
  1187 | D:2      | Reached skill level 1 in Ranged Weapons
  1187 | D:2      | Reached skill level 1 in Throwing
  1187 | D:2      | Reached skill level 1 in Armour
  1187 | D:2      | Reached skill level 1 in Shields
  1187 | D:2      | Reached skill level 1 in Unarmed Combat
  1187 | D:2      | Reached skill level 1 in Spellcasting
  1187 | D:2      | Reached skill level 1 in Evocations
  1432 | D:2      | Found a faded altar of an unknown god.
  1457 | D:2      | Found Eta Usmoec's One-of-a-Kind Rings.
  2006 | D:3      | Reached XP level 4. HP: 39/41 MP: 5/5
  2098 | D:3      | Reached skill level 1 in Conjurations
  2098 | D:3      | Reached skill level 1 in Hexes
  2098 | D:3      | Reached skill level 1 in Summonings
  2098 | D:3      | Reached skill level 1 in Necromancy
  2098 | D:3      | Reached skill level 1 in Translocations
  2098 | D:3      | Reached skill level 1 in Transmutations
  2098 | D:3      | Reached skill level 1 in Fire Magic
  2098 | D:3      | Reached skill level 1 in Ice Magic
  2098 | D:3      | Reached skill level 1 in Air Magic
  2098 | D:3      | Reached skill level 1 in Earth Magic
  2098 | D:3      | Reached skill level 1 in Poison Magic
  2658 | D:4      | Noticed an ogre
  2671 | D:4      | Killed an ogre
  2672 | D:4      | Reached XP level 5. HP: 47/47 MP: 5/7
  3124 | D:4      | Reached XP level 6. HP: 53/53 MP: 8/8
  3142 | D:4      | Found a glowing drain.
  3149 | Sewer    | Entered a sewer
  3179 | Sewer    | HP: 2/53 [kobold brigand/+0 dagger (3)]
  3204 | Sewer    | HP: 2/53 [kobold brigand/+0 dagger (3)]
  3205 | Sewer    | Slain by a kobold

Illustrated notes

Levels and vault maps discovered:
D:1:      lemuel_arrival_funnel, layout_basic, nicolae_grassy_gnolls
D:2:      layout_loops_ring, hellmonk_ecumenical_altar_prayer_group,
          nicolae_shop_unique_rings, minivault_23, patterned_corridor
D:3:      layout_basic
D:4:      layout_loops_ring, nicolae_ashenzari_skybound, tgw_xom,
          minmay_temple_entry_trees, lightli_sewer_entry_pipes,
          biasface_ghost_orc_armoury, serial_shops,
          nicolae_shop_bloodbath_and_beyond, chequers_serial_rivers_marsh,
          sigmund_army
Sewer:    kennysheep_pipe_town

Skill      XL: |  1  2  3  4  5 |
---------------+----------------+-----
Invocations    | 1 2 |  2.0
Short Blades   | 1 |  1.8
Axes           | 1 |  1.8
Maces & Flails | 1 |  1.8
Polearms       | 1 |  1.8
Staves         | 1 |  1.8
Ranged Weapons | 1 |  1.8
Throwing       | 1 |  1.8
Armour         | 1 |  1.8
Shields        | 1 |  1.8
Unarmed Combat | 1 |  1.8
Spellcasting   | 1 |  1.8
Evocations     | 1 |  1.8
Conjurations   | 1 |  1.4
Hexes          | 1 |  1.4
Summonings     | 1 |  1.4
Necromancy     | 1 |  1.4
Translocations | 1 |  1.4
Transmutations | 1 |  1.4
Fire Magic     | 1 |  1.4
Ice Magic      | 1 |  1.4
Air Magic      | 1 |  1.4
Earth Magic    | 1 |  1.4
Poison Magic   | 1 |  1.4
Fighting       | |  6.8
Long Blades    | |  6.8
Dodging        | |  6.8
Stealth        | |  4.5

Action                   |  1- 3 |  4- 6 || total
-------------------------+-------+-------++-------
Melee: Falchion          |    93 |   129 ||   222
       Bite              |    11 |    14 ||    25
Throw: Dart              |       |     5 ||     5
  Use: Potion            |       |     6 ||     6
       Scroll            |       |     1 ||     1
 Stab: Sleeping          |     7 |     2 ||     9
Armor: Leather armour    |    12 |    19 ||    31
       Robe              |     1 |       ||     1
Dodge: Dodged            |    59 |   107 ||   166
